 Dungeon Crawl Stone Soup version 0.23-a0-356-g1757c6e (webtiles) character file.

240461 MisterFreud the Brawler (level 18, -2/174 HPs)
             Began as a Troll Monk on Oct 21, 2018.
             Was a High Priest of Cheibriados.
             Hit by a poisoned javelin thrown by a merfolk javelineer (24 damage)
             ... on level 4 of the Shoals.
             The game lasted 01:56:08 (31686 turns).

MisterFreud the Brawler (Troll Monk)               Turns: 31686, Time: 01:56:09

Health: -2/174     AC:  8    Str: 38    XL:     18   Next: 62%
Magic:  16/24      EV: 24    Int: 24    God:    Cheibriados [*****.]
Gold:   2490       SH: 15    Dex: 35    Spells: 17/17 levels left

rFire    . . .     SeeInvis .     - Unarmed
rCold    x . .     Gourm    +   I - +0 shield
rNeg     . . .     Faith    .   O - +1 robe of Modesty {+Blink rC- Str+2 Dex+6}
rPois    +         Spirit   .   i - +2 hat {MR+}
rElec    .         Reflect  .   l - scarf {repulsion}
rCorr    .         Harm     .   (gloves unavailable)
MR       ++...                  (boots unavailable)
Stlth    +++.......             (no amulet)
HPRegen  0.79/turn              X - +5 ring of dexterity
MPRegen  0.19/turn              G - ring of poison resistance

@: lethally poisoned (-2 -> -2), very slightly contaminated, repel missiles,
very slow
A: large, unfitting armour, claws 3, fast metabolism 3, gourmand, regeneration
1, shaggy fur 1, tough skin 2
}: 2/15 runes: serpentine, barnacled
a: Bend Time, Temporal Distortion, Slouch, Step From Time, Renounce Religion,
Evoke Blink


You were on level 4 of the Shoals.
You worshipped Cheibriados.
Cheibriados was extremely pleased with you.
You were very full.

You visited 6 branches of the dungeon, and saw 32 of its levels.
You also visited: Ossuary and Bailey.

You collected 3682 gold pieces.
You spent 1192 gold pieces at shops.

Inventory:

Missiles
 o - 18 large rocks (quivered)
 p - 780 stones
 t - 14 throwing nets
 A - 80 tomahawks
 H - 10 tomahawks of returning
 M - 27 javelins
Armour
 i - a +2 hat of magic resistance (worn)
 l - a scarf of repulsion (worn)
 v - a +2 robe of fire resistance
 F - a +2 cloak
 I - a +0 shield (worn)
 O - the +1 robe of Modesty (worn) {+Blink rC- Str+2 Dex+6}
   (You found it on level 6 of the Lair of Beasts)

   It affects your strength (+2).
   It affects your dexterity (+6).
   It makes you vulnerable to cold.
   It lets you blink.
 Y - the cursed +0 cloak of the Curious Nights {Int+3 SInv}
   (You found it on level 1 of the Shoals)

   It affects your intelligence (+3).
   It lets you see invisible.
   It has a curse placed upon it.
Jewellery
 x - an uncursed ring of resist corrosion
 G - a ring of poison resistance (right claw)
 X - a +5 ring of dexterity (left claw)
 Z - an uncursed ring of protection from fire
Wands
 a - a wand of flame (63)
 n - a wand of iceblast (4)
 w - a wand of polymorph (32)
 y - a wand of digging (7)
 z - a wand of clouds (9)
 C - a wand of paralysis (45)
 K - a wand of scattershot (16)
 Q - a wand of disintegration (6)
 R - a wand of enslavement (10)
 W - a wand of acid (9)
Scrolls
 f - 13 scrolls of enchant weapon
 j - 8 scrolls of teleportation
 k - 2 scrolls of fog
 m - 6 scrolls of remove curse
 B - 5 scrolls of fear
 D - 3 scrolls of magic mapping
 N - 8 scrolls of identify
 P - 2 scrolls of summoning
Potions
 c - a potion of heal wounds
 d - 3 potions of agility
 e - 3 potions of lignification
 g - 22 potions of curing
 h - 4 potions of mutation
 q - 6 potions of flight
 r - a potion of ambrosia
 s - 2 potions of invisibility
 u - a potion of might
 E - 4 potions of cancellation
 J - 4 potions of brilliance
 T - a potion of resistance
Miscellaneous
 U - a fan of gales
 V - a lamp of fire
Comestibles
 b - 56 rations
 S - 8 chunks of flesh


   Skills:
 - Level 10.0 Fighting
 - Level 12.0 Throwing
 + Level 12.0 Dodging
 - Level 1.0 Stealth
 - Level 9.0 Shields
 - Level 20.0 Unarmed Combat
 - Level 10.0 Invocations
 - Level 6.0 Evocations


You had 17 spell levels left.
You didn't know any spells.
Your spell library contained the following spells:

 Spells                   Type           Power        Failure   Level  Hunger
 Animate Skeleton         Necr           N/A          14%         1    ##.....
 Apportation              Tloc           #.....       14%         1    ##.....
 Confusing Touch          Hex            #.....       14%         1    ##.....
 Corona                   Hex            #......      14%         1    ##.....
 Freeze                   Ice            #...         14%         1    ##.....
 Pain                     Necr           #...         14%         1    ##.....
 Shock                    Conj/Air       #...         14%         1    ##.....
 Summon Small Mammal      Summ           #...         14%         1    ##.....
 Slow                     Hex            #.......     22%         2    ###....
 Swiftness                Chrm/Air       #.......     22%         2    ###....
 Throw Frost              Conj/Ice       #.....       22%         2    ###....
 Inner Flame              Hex/Fire       #.......     41%         3    ####...
 Ozocubu's Armour         Chrm/Ice       #.......     41%         3    ####...
 Portal Projectile        Hex/Tloc       #.....       41%         3    ####...
 Recall                   Summ/Tloc      N/A          41%         3    ####...
 Regeneration             Chrm/Necr      #.........   41%         3    ####...
 Static Discharge         Conj/Air       #.......     41%         3    ####...
 Vampiric Draining        Necr           #.........   41%         3    ####...
 Airstrike                Air            #.........   82%         4    #####..
 Animate Dead             Necr           N/A          82%         4    #####..
 Cause Fear               Hex            #.........   82%         4    #####..
 Leda's Liquefaction      Hex/Erth       #.........   82%         4    #####..
 Summon Ice Beast         Ice/Summ       #.......     82%         4    #####..
 Throw Icicle             Conj/Ice       #.......     82%         4    #####..
 Borgnjor's Vile Clutch   Necr/Erth      #.........   99%         5    ######.
 Lightning Bolt           Conj/Air       #.........   99%         5    ######.
 Death Channel            Necr           #.........   100%        6    #######
 Simulacrum               Ice/Necr       #.........   100%        6    #######


Dungeon Overview and Level Annotations

Branches:
Dungeon (15/15)            Temple (1/1) D:7            Lair (6/6) D:9
 Shoals (4/4) Lair:3        Snake (4/4) Lair:4        Slime (0/5) Lair:6
    Orc (2/2) D:11            Elf (0/3) Orc:2        Vaults (0/5) D:13
 Depths: D:15

Altars:
Ashenzari
Cheibriados
Dithmenos
Elyvilon
Fedhas
Gozag
Hepliaklqana
Kikubaaqudgha
Makhleb
Nemelex Xobeh
Okawaru
Qazlal
Ru
Sif Muna
Trog
Uskayaw
Vehumet
Wu Jian
Xom
Yredelemnul
Zin
The Shining One
Jiyva

Shops:
D:8 *   D:9 ?[!   D:10 *   D:11 [   D:13 ?   Orc:1 ([!=   Orc:2 }(%[
Shoals:1 }}:}[   Shoals:2 *   Snake:1 [=([

Portals:
Hell: Lair:6

Annotations:
D:15 1 runed door, Hese's ghost, adept DEFE
Lair:2 exclusion: 2 oklob plants
Shoals:3 1 runed door, Idameato's ghost, journeyman MiFi
Snake:4 Vashnia


Innate Abilities, Weirdness & Mutations

You are too large for most types of armour.
You have claws for hands.
Your metabolism is lightning-fast.
You like to eat raw meat.
Your natural rate of healing is unusually fast.
You are covered in fur. (AC +1)
You have very tough skin. (AC +2)


Message History

You feel sick. The merfolk barely misses you.
You feel sick. You block the merfolk's attack.
You enter the shallow water.
Moving in this stuff is going to be slow.
You feel sick.
The merfolk hits you from afar with a +0 trident!!
* * * LOW HITPOINT WARNING * * *
The merfolk javelineer throws a poisoned javelin.
You block the poisoned javelin.
You hear a splash.
The merfolk javelineer throws a poisoned javelin.
The poisoned javelin hits you!
* * * LOW HITPOINT WARNING * * *
You hear a splash.
You block the merfolk's attack.
You see here 2 poisoned javelins.
You feel much better.
The merfolk javelineer throws a poisoned javelin.
The poisoned javelin hits you!!
You die...

≈≈≈≈≈≈≈≈≈≈.#......
≈≈≈≈P≈≈≈≈≈......... ..
≈≈≈≈≈≈≈P≈≈≈(≈..≈≈.### #(.
≈≈≈P≈PP≈≈≈≈≈≈≈≈........# ....
≈≈≈≈P.....m≈≈≈......≈≈.###....
≈≈≈≈.PP.......(..(≈≈≈≈≈(..≈≈<.
≈≈≈PP...m..m≈≈m#.≈≈≈≈≈≈≈≈≈≈≈≈≈..
≈≈≈.....###.##≈..≈≈≈≈≈≈(≈≈≈≈≈....
≈≈.≈≈...# #####.@≈≈.≈≈≈≈≈≈≈≈≈....
≈≈.≈..## ###≈....≈≈≈≈≈≈≈≈...
≈≈≈....# ##....[).≈≈≈≈≈≈≈≈≈
≈≈.§..## #.........≈≈≈≈≈≈≈≈
≈≈≈)†.# #≈.<.[.....≈≈≈≈≈≈≈
≈≈≈(.m# ##.........≈≈≈≈≈≈≈
≈≈≈...# #≈...[......≈≈≈≈≈≈
≈≈≈...≈ ##≈.......).####≈#≈
≈≈≈..... ## #...........#######


You could see a merfolk javelineer and 2 merfolk.

Vanquished Creatures
  Asterion (Snake:3)
  Gastronok (D:10)
  Kirke (Lair:4)
  Agnes (Snake:2)
  A fire giant (D:15)
  6 nagarajas (Snake:4)
  A frost giant (Shoals:4)
  A stone giant (Shoals:2)
  Nessos (Orc:2)
  A dire elephant (Lair:6)
  Azrael (Orc:2)
  A merfolk javelineer (Shoals:3)
  Josephine (Shoals:1)
  7 merfolk impalers
  8 vault guards (D:13)
  18 naga warriors
  A death knight (D:13)
  A hell beast (Lair:6)
  Harold (D:11)
  4 merfolk avatars
  A catoblepas (Shoals:3)
  11 anacondas
  13 hydras
  2 two-headed ogres (D:12)
  2 satyrs
  6 centaur warriors
  5 merfolk aquamancers
  3 orc high priests (Orc:2)
  9 death yaks
  A tengu warrior (D:15)
  2 deep elf knights (D:14)
  23 naga sharpshooters
  A shock serpent (Snake:3)
  3 skeletal warriors
  8 sea snakes
  3 unseen horrors
  2 salamander mystics
  A wizard (Lair:6)
  A kraken simulacrum (Shoals:4)
  8 naga ritualists
  A lindwurm (Lair:6)
  6 orc knights
  13 harpies
  12 mana vipers
  5 orc sorcerers
  3 ugly things
  7 cyclopes
  11 manticores
  5 elephants (Lair:6)
  12 salamanders
  Joseph (D:10)
  16 fauns
  13 merfolk sirens
  19 guardian serpents
  30 black mambas
  Maurice (D:10)
  14 naga magi
  An orange demon (Lair:6)
  A smoke demon (Lair:6)
  3 gargoyles
  A torpor snail (Lair:4)
  3 water nymphs
  14 spiny frogs
  4 centaur skeletons
  3 rime drakes
  4 komodo dragons
  2 freezing wraiths (D:13)
  A redback zombie (D:15)
  2 ice devils (Lair:6)
  3 red devils (Lair:6)
  4 trolls
  23 merfolk
  Prince Ribbit (D:6)
  6 wind drakes
  4 polar bears
  14 hippogriffs
  12 blink frogs
  Grinder (D:6)
  9 dream sheep
  A meliai zombie (D:11)
  8 redbacks (D:13)
  7 snapping turtles
  19 flying skulls (D:12)
  A shadow (D:14)
  3 vampires
  6 wraiths
  4 wyverns
  A spriggan (D:12)
  9 water elementals
  5 humans (D:6)
  A yak (shapeshifter) (D:14)
  5 fire elementals (Orc:2)
  2 basilisks
  36 yaks
  A steam dragon (Snake:1)
  2 hogs (Lair:3)
  3 hungry ghosts
  Menkaure (D:5)
  3 wargs
  47 nagas
  A soldier ant (D:15)
  12 water moccasins
  2 acid dragons
  6 hell hounds
  10 porcupines
  47 orc warriors
  5 ice beasts
  2 sky beasts
  2 black bears
  2 necrophages
  8 ogres
  7 wolves (Lair:2)
  11 crocodiles
  23 centaurs
  2 big kobolds
  Blork the orc (D:5)
  2 elf zombies (Ossuary)
  17 bullfrogs
  A gnoll sergeant (D:5)
  4 scorpions
  6 killer bees
  23 wights
  4 electric eels
  8 crimson imps
  3 howler monkeys
  5 centaur zombies
  3 bullfrog zombies
  3 hounds
  5 jellies
  27 orc priests
  3 bullfrog skeletons
  A human zombie (Ossuary)
  35 orc wizards
  An iguana (D:11)
  2 gnoll shamans
  Natasha (thrice) (D:3)
  5 worker ants
  3 hell rats (Lair:4)
  4 big kobold zombies (Ossuary)
  A hound zombie (D:11)
  2 mummies (Ossuary)
  A worker ant zombie (D:8)
  2 howler monkey zombies
  14 adders
  45 gnolls
  A howler monkey skeleton (D:5)
  2 shadow imps
  An ooze (D:2)
  3 adder zombies
  An adder skeleton (D:9)
  4 worms
  4 dart slugs
  9 leopard geckos
  91 orcs
  8 giant cockroaches
  13 goblins
  10 hobgoblins
  19 jackals
  15 kobolds
  3 quokkas
  8 bats
  5 frilled lizards
  2 goblin zombies (Ossuary)
  A hobgoblin zombie (Ossuary)
  A leopard gecko skeleton (D:6)
  An orc zombie (Ossuary)
  A quokka skeleton (D:4)
  A quokka zombie (D:5)
  10 rats
  2 fungi (Lair:6)
  2 plants (Shoals:3)
1205 creatures vanquished.

Vanquished Creatures (collateral kills)
  A hippogriff (D:8)
  A wight (D:8)
  2 goblins (D:8)
4 creatures vanquished.

Vanquished Creatures (others)
  A merfolk aquamancer (Shoals:4)
  A guardian serpent (Snake:4)
  3 humans (Lair:4)
  A hell rat (Lair:4)
  An orc (Orc:2)
  24 fungi
  20 plants
  4 tentacles (Shoals:4)
55 creatures vanquished.

Grand Total: 1264 creatures vanquished

Notes
Turn   | Place    | Note
-------+----------+-------------------------------------------
     0 | D:1      | MisterFreud the Troll Monk began the quest for the Orb.
     0 | D:1      | Reached XP level 1. HP: 22/22 MP: 0/0
   146 | D:1      | Reached XP level 2. HP: 29/29 MP: 1/1
   386 | D:1      | Reached skill level 4 in Unarmed Combat
   545 | D:1      | Reached XP level 3. HP: 36/36 MP: 2/2
  1196 | D:2      | Reached XP level 4. HP: 42/44 MP: 3/3
  1522 | D:2      | Reached skill level 5 in Unarmed Combat
  1804 | D:3      | Noticed Natasha
  1811 | D:3      | Killed Natasha
  1838 | D:3      | Reached XP level 5. HP: 49/50 MP: 4/4
  1921 | D:3      | Reached skill level 6 in Unarmed Combat
  1946 | D:3      | Noticed Natasha
  1953 | D:3      | Killed Natasha
  2071 | D:3      | Noticed Natasha
  2083 | D:3      | Killed Natasha
  2104 | D:4      | Reached XP level 6. HP: 50/59 MP: 5/5
  2226 | D:4      | Found a sand-covered staircase.
  2235 | D:4      | Reached skill level 7 in Unarmed Combat
  2248 | Ossuary  | Entered an ossuary
  2383 | Ossuary  | Reached skill level 8 in Unarmed Combat
  2383 | Ossuary  | Reached XP level 7. HP: 49/66 MP: 6/6
  2393 | Ossuary  | Reached skill level 1 in Throwing
  2942 | D:4      | Reached XP level 8. HP: 32/74 MP: 7/7
  3154 | D:5      | Entered Level 5 of the Dungeon
  3186 | D:5      | Reached skill level 5 in Throwing
  3200 | D:5      | Noticed Blork the orc
  3216 | D:5      | Killed Blork the orc
  3270 | D:5      | Found an ornate altar of the Wu Jian Council.
  3293 | D:5      | Noticed Menkaure
  3299 | D:5      | Killed Menkaure
  3531 | D:5      | Reached skill level 9 in Unarmed Combat
  4123 | D:5      | Reached XP level 9. HP: 40/80 MP: 8/8
  4287 | D:6      | Reached skill level 10 in Unarmed Combat
  4297 | D:6      | Found a shattered altar of Ashenzari.
  4350 | D:6      | Noticed Grinder
  4355 | D:6      | Killed Grinder
  4565 | D:6      | Noticed Prince Ribbit
  4580 | D:6      | Killed Prince Ribbit
  4593 | D:6      | Reached skill level 5 in Dodging
  5324 | D:7      | Reached XP level 10. HP: 57/88 MP: 9/9
  5376 | D:7      | Found a staircase to the Ecumenical Temple.
  5389 | Temple   | Entered the Ecumenical Temple
  5737 | D:7      | Noticed a gargoyle
  5744 | D:7      | Killed a gargoyle
  6158 | D:8      | Found a flagged portal.
  6199 | Bailey   | Entered a bailey
  6503 | Bailey   | Found an iron altar of Okawaru.
  6503 | Bailey   | Noticed an orc sorcerer
  6503 | Bailey   | Noticed an orc high priest
  6523 | Bailey   | Noticed a sixfirhy
  6862 | D:8      | Found Gifajuf's General Store.
  6975 | D:9      | Found Pydwuipp's Distillery.
  6987 | D:9      | Bought 2 potions of heal wounds for 140 gold pieces
  6987 | D:9      | Bought a potion of degeneration for 14 gold pieces
  6987 | D:9      | Bought 2 potions of curing for 84 gold pieces
  6987 | D:9      | Bought a potion of curing for 42 gold pieces
  7206 | D:9      | Found a staircase to the Lair.
  7318 | D:9      | Reached skill level 11 in Unarmed Combat
  7318 | D:9      | Reached XP level 11. HP: 48/94 MP: 10/10
  7673 | D:9      | Found Cyceros's Magic Scroll Shop.
  7684 | D:9      | Bought a scroll of fear for 56 gold pieces
  7684 | D:9      | Bought a scroll of teleportation for 48 gold pieces
  7684 | D:9      | Bought a scroll of teleportation for 48 gold pieces
  7684 | D:9      | Bought a scroll of teleportation for 48 gold pieces
  7684 | D:9      | Bought a scroll of teleportation for 48 gold pieces
  7684 | D:9      | Bought a scroll of teleportation for 48 gold pieces
  7684 | D:9      | Found Qiecwour's Antique Armour Shop.
  7709 | D:9      | Found a sparkling altar of Nemelex Xobeh.
  7710 | D:9      | Found a blossoming altar of Fedhas.
  7712 | D:9      | Found an iron altar of Okawaru.
  7713 | D:9      | Found an opulent altar of Gozag.
  7714 | D:9      | Found a snail-covered altar of Cheibriados.
  7720 | D:9      | Found a glowing silver altar of Zin.
  7721 | D:9      | Found a deep blue altar of Sif Muna.
  7730 | D:9      | Became a worshipper of Cheibriados the Contemplative
  7730 | D:9      | Reached * piety under Cheibriados
  7730 | D:9      | Reached ** piety under Cheibriados
  8118 | D:10     | Entered Level 10 of the Dungeon
  8149 | D:10     | Found Gozag's Platinum Reserve.
  8150 | D:10     | Found an opulent altar of Gozag.
  8154 | D:10     | Noticed Maurice
  8162 | D:10     | Killed Maurice
  8528 | D:10     | Noticed Gastronok
  8539 | D:10     | Killed Gastronok
  8539 | D:10     | Reached skill level 10 in Dodging
  8599 | D:10     | Noticed Joseph
  8609 | D:10     | Reached skill level 12 in Unarmed Combat
  8621 | D:10     | Killed Joseph
  8621 | D:10     | Reached *** piety under Cheibriados
  8621 | D:10     | Reached skill level 1 in Invocations
  9016 | D:11     | Found Sakkiff's Armour Emporium.
  9300 | D:8      | Bought a +0 shield for 49 gold pieces
  9344 | Lair:1   | Entered Level 1 of the Lair of Beasts
  9572 | Lair:1   | Reached skill level 1 in Shields
  9698 | Lair:1   | Noticed a four-headed hydra
  9708 | Lair:1   | Killed a five-headed hydra
  9708 | Lair:1   | Reached skill level 5 in Invocations
  9708 | Lair:1   | Reached XP level 12. HP: 27/104 MP: 14/14
 10111 | Lair:2   | Reached **** piety under Cheibriados
 10946 | Lair:3   | Reached skill level 5 in Shields
 11258 | Lair:3   | Found a staircase to the Shoals.
 11268 | Lair:3   | Reached ***** piety under Cheibriados
 11566 | Lair:4   | Noticed Kirke
 11682 | Lair:4   | Noticed a death yak
 11688 | Lair:4   | Noticed a death yak
 11690 | Lair:4   | Noticed a death yak
 11694 | Lair:4   | Killed a death yak
 11701 | Lair:4   | Killed a death yak
 11708 | Lair:4   | Killed a death yak
 11746 | Lair:4   | Found a staircase to the Snake Pit.
 11801 | Lair:4   | Killed Kirke
 11856 | Lair:4   | Noticed an eight-headed hydra
 12001 | Lair:4   | Killed an eight-headed hydra
 12001 | Lair:4   | Reached XP level 13. HP: 25/110 MP: 16/16
 13422 | Lair:6   | Entered Level 6 of the Lair of Beasts
 13482 | Lair:6   | Reached skill level 1 in Evocations
 13515 | Lair:6   | Found a staircase to the Slime Pits.
 13515 | Lair:6   | Found a viscous altar of Jiyva.
 13523 | Lair:6   | Got a slimy robe
 13534 | Lair:6   | Identified the cursed +1 robe of Modesty {+Blink rC- Str+2
                  | Dex+6} (You found it on level 6 of the Lair of Beasts)
 13637 | Lair:6   | Reached ****** piety under Cheibriados
 13779 | Lair:6   | Noticed a dire elephant
 13800 | Lair:6   | Killed a dire elephant
 14183 | Lair:6   | Reached skill level 10 in Throwing
 14189 | Lair:6   | Reached XP level 14. HP: 51/118 MP: 19/19
 14393 | Lair:6   | Reached skill level 5 in Evocations
 15032 | Lair:6   | Found a burning altar of Makhleb.
 15445 | Lair:6   | Found a gateway to Hell.
 15818 | D:11     | Found a staircase to the Orcish Mines.
 16241 | D:11     | Noticed Harold
 16245 | D:11     | Killed Harold
 16657 | D:12     | Found the +3 giant club "Skullcrusher" {speed, Str+7}
 17406 | Orc:1    | Entered Level 1 of the Orcish Mines
 17501 | Orc:1    | Found Tablojy's Armour Shoppe.
 17503 | Orc:1    | Found Gexoez's Distillery.
 17514 | Orc:1    | Found Ragonk's Jewellery Shoppe.
 17539 | Orc:1    | Bought a potion of heal wounds for 70 gold pieces
 17539 | Orc:1    | Bought a potion of resistance for 140 gold pieces
 17539 | Orc:1    | Bought a potion of magic for 112 gold pieces
 17539 | Orc:1    | Bought a potion of curing for 42 gold pieces
 17539 | Orc:1    | Bought a potion of lignification for 42 gold pieces
 17553 | Orc:1    | Found Ishaug's General Store.
 17898 | Orc:2    | Entered Level 2 of the Orcish Mines
 18073 | Orc:2    | Noticed Nessos
 18127 | Orc:2    | Killed Nessos
 18539 | Orc:2    | Found a staircase to the Elven Halls.
 18617 | Orc:2    | Reached skill level 5 in Fighting
 18618 | Orc:2    | Reached XP level 15. HP: 117/133 MP: 20/20
 18630 | Orc:2    | Noticed Azrael
 18640 | Orc:2    | Killed Azrael
 18640 | Orc:2    | Reached skill level 13 in Unarmed Combat
 18961 | Orc:2    | Found Suran's Antique Armour Boutique.
 18961 | Orc:2    | Found Temohes's Gadget Shoppe.
 18963 | Orc:2    | Found Naece's Food Boutique.
 18963 | Orc:2    | Found Yrierph's Weapon Shoppe.
 19161 | Orc:1    | Found Jidghad's Weapon Shoppe.
 19171 | Orc:1    | Found a burning altar of Makhleb.
 19617 | D:13     | Found a gate to the Vaults.
 19893 | D:13     | Reached skill level 14 in Unarmed Combat
 19962 | D:13     | Found Luala's Magic Scroll Boutique.
 19965 | D:13     | Bought a scroll of blinking for 112 gold pieces
 20862 | D:14     | Found an iron altar of Okawaru.
 21047 | D:14     | Got a warped hat
 21058 | D:14     | Identified the +0 hat of Qazlal's Envy {rC+} (You found it
                  | on level 14 of the Dungeon)
 21290 | D:15     | Entered Level 15 of the Dungeon
 21389 | D:15     | Found a runed door.
 21389 | D:15     | Noticed Hese's ghost (adept DEFE)
 21531 | D:15     | Noticed a fire giant
 21540 | D:15     | Killed a fire giant
 21795 | Snake:1  | Entered Level 1 of the Snake Pit
 21863 | Snake:1  | Found Vitsotedgh's Antique Armour Shop.
 21864 | Snake:1  | Found Lozahiza's Weapon Shop.
 21864 | Snake:1  | Found Conkisut's Jewellery Boutique.
 21869 | Snake:1  | Found Neheogeom's Antique Armour Boutique.
 22372 | Snake:1  | Reached XP level 16. HP: 140/153 MP: 21/21
 22547 | Snake:2  | Noticed Agnes
 22553 | Snake:2  | Killed Agnes
 22553 | Snake:2  | Reached skill level 15 in Unarmed Combat
 23619 | Snake:2  | Reached skill level 10 in Fighting
 23927 | Snake:3  | Reached skill level 16 in Unarmed Combat
 24308 | Snake:3  | Noticed Asterion
 24321 | Snake:3  | Killed Asterion
 24549 | Snake:3  | Reached skill level 10 in Invocations
 24843 | Snake:4  | Entered Level 4 of the Snake Pit
 25495 | Snake:3  | Reached XP level 17. HP: 107/166 MP: 23/23
 26049 | Snake:4  | Reached skill level 17 in Unarmed Combat
 26065 | Snake:4  | HP: 7/166 [naga warrior/+1 scimitar of electrocution (2)]
 26871 | Snake:4  | Reached skill level 18 in Unarmed Combat
 27469 | Snake:4  | Noticed Vashnia
 27765 | Snake:4  | Got a serpentine rune of Zot
 28240 | Shoals:1 | Entered Level 1 of the Shoals
 28295 | Shoals:1 | Found Urenaac's Antique Armour Shoppe.
 28335 | Shoals:1 | Found Iguwisk's Gadget Shoppe.
 28360 | Shoals:1 | Noticed Josephine
 28372 | Shoals:1 | Killed Josephine
 28564 | Shoals:1 | Reached skill level 19 in Unarmed Combat
 28696 | Shoals:1 | Found Hamamoj's Gadget Shoppe.
 28727 | Shoals:1 | Got a polished cloak
 28728 | Shoals:1 | Identified the cursed +0 cloak of the Curious Nights {Int+3
                  | SInv} (You found it on level 1 of the Shoals)
 28824 | Shoals:1 | Found Mecsud's Gadget Shoppe.
 29053 | Shoals:1 | Found Zeczun's Book Shop.
 29140 | Shoals:1 | Noticed a kraken
 29470 | Shoals:2 | Reached XP level 18. HP: 117/174 MP: 24/24
 30073 | Shoals:2 | Found Sitoewnu's General Store.
 30082 | Shoals:2 | Bought 5 large rocks for 49 gold pieces
 30254 | Shoals:3 | Reached skill level 20 in Unarmed Combat
 31074 | Shoals:3 | Found a runed door.
 31074 | Shoals:3 | Found a shimmering altar of Xom.
 31074 | Shoals:3 | Noticed Idameato's ghost (journeyman MiFi)
 31145 | Shoals:4 | Entered Level 4 of the Shoals
 31475 | Shoals:4 | Got a barnacled rune of Zot
 31685 | Shoals:4 | HP: 8/174 [merfolk javelineer/poisoned javelin (10)]
 31686 | Shoals:4 | Hit by a poisoned javelin thrown by a merfolk javelineer

Vault maps used:
D:1:      sevenhm_arrival_forest_fort_large_2, st_stairs_9
D:2:      first_ration, minmay_box_of_dots
D:3:      uniq_natasha
D:4:      nicolae_ossuary_entry_ruins, minmay_small_thing
D:5:      lemuel_castle_with_subvaults, basic_altar, minmay_misc_feat_tower,
          uniq_blork_the_orc, uniq_menkaure
D:6:      overflow_temple_1_default, minmay_ruffians, uniq_grinder,
          uniq_prince_ribbit1
D:7:      minmay_temple_entry_junction_2
D:8:      enter_bailey_3, serial_shops, shop
D:9:      grunt_temple_overflow_open, grunt_lair_entry_orc_guard_hut,
          serial_shops, shop, nicolae_shop_temple_entry_statues_fountains, shop
D:10:     nicolae_gozag_zags_fifth_avenue, uniq_maurice, uniq_joseph,
          uniq_gastronok
D:11:     erik_orc_4, serial_shops, shop, minmay_misc_feat_enclosed, uniq_harold
D:12:     the_bakery, minmay_guarded_unrand_skullcrusher
D:13:     erik_vaults_2, serial_shops, kennysheep_mini_moat, spider_trap
D:14:     evilmike_iron_armoury, minmay_holes, minivault_26
D:15:     grunt_enter_depths_giant_problem, gammafunk_ghost_grave,
          minmay_misc_feat_columns
Temple:   nicolae_temple_great_sept
Lair:1:   grunt_megastairs_3, infiniplex_staircase_pool_2
Lair:2:   grunt_megastairs_1, minmay_lair_oklob_chamber
Lair:3:   elwin_shoals_entry_rooms
Lair:4:   dummy_snake_entry, portal_ice_cave_entry_pillars_1, uniq_kirke
Lair:5:   grunt_megastairs_4
Lair:6:   evil_forest, slime_altar_1
Shoals:1: serial_shops, shop, nicolae_shop_competitors_out_of_business, shop,
          shop, nicolae_shop_waterfront, uniq_josephine
Shoals:2: serial_shops, nicolae_shop_statue_plus, hangedman_shoals_cup_caves
Shoals:3: ebering_ghost_xom, abandoned_shop, uniq_polyphemus
Shoals:4: shoals_end_grunt_ice, abandoned_shop
Snake:1:  serial_bayou_shore_a, lemuel_fruit_tree, minmay_shoptagon
Snake:2:  hangedman_cross_stitches, grunt_ministairs_1, uniq_agnes
Snake:3:  spider_trap, st_stairs_6, serial_bayou_shore_b, uniq_asterion
Snake:4:  snake_hunt, grunt_ministairs_10, uniq_vashnia
Orc:1:    basic_altar, serial_shops, shop, shop, shop, shop, shop
Orc:2:    grunt_orc_tribal_feast, uniq_nessos, uniq_azrael
Ossuary:  minmay_ossuary_gauntlet
Bailey:   bailey_axe_of_yendor_kennysheep, bailey

Skill      XL: |  1  2  3  4  5  6  7  8  9 10 11 12 13 14 15 16 17 18 |
---------------+-------------------------------------------------------+-----
Unarmed Combat | 4 5 6 8 9 10 11 12 14 16 19 20 | 20.0
Throwing       | 4 6 7 8 10 12 | 12.0
Dodging        | 7 9 10 12 | 12.0
Invocations    | 5 6 8 10 | 10.0
Shields        | 2 9 |  9.0
Evocations     | 4 6 |  6.0
Fighting       | 5 8 10 | 10.0
Stealth        | |  1.0

Action                   |  1- 3 |  4- 6 |  7- 9 | 10-12 | 13-15 | 16-18 || total
-------------------------+-------+-------+-------+-------+-------+-------++-------
Melee: Unarmed           |   125 |   146 |   373 |   852 |  1285 |  1093 ||  3874
       Punch             |     2 |     6 |    17 |    25 |       |       ||    50
Throw: Large rock        |       |       |       |     4 |    44 |    75 ||   123
       Tomahawk          |       |       |       |       |     5 |    39 ||    44
       Stone             |       |       |       |       |     7 |     4 ||    11
Invok: Temporal Distorti |       |       |       |     1 |     1 |       ||     2
       Slouch            |       |       |       |       |    12 |    24 ||    36
 Abil: Evoke Blink       |       |       |       |       |     1 |       ||     1
Evoke: Wand              |       |       |     7 |    17 |    18 |     5 ||    47
  Use: Scroll            |     6 |     2 |     6 |    11 |    11 |    10 ||    46
       Potion            |       |     1 |     3 |     2 |     7 |    17 ||    30
 Stab: Sleeping          |     6 |     2 |     3 |     6 |    18 |     3 ||    38
       Distracted        |       |       |     1 |       |     3 |     2 ||     6
  Eat: Chunk             |    15 |     8 |    28 |    49 |    68 |    58 ||   226
       Ration            |       |       |     1 |       |       |     2 ||     3
Armor: Robe              |    37 |    33 |    83 |   177 |   148 |    86 ||   564
       Skin              |       |    17 |    15 |     8 |    33 |     6 ||    79
Dodge: Dodged            |    53 |    63 |   164 |   449 |   727 |   723 ||  2179
       Deflected         |       |       |       |       |       |    13 ||    13
Block: Shield            |       |       |       |   129 |   943 |   947 ||  2019

Table legend:
 A = Non-vault XP
 B = Vault XP
 C = Vault XP percentage of total XP
 D = Non-vault monster count
 E = Vault monster count
 F = Vault count percentage of total count
                 A         B        C        D         E       F
            +---------+---------+-------+---------+---------+-------
      Total |  207111 |  136542 |  39.7 |     840 |     367 |  30.4
            +---------+---------+-------+---------+---------+-------
        D:1 |      52 |       4 |   7.1 |      30 |       3 |   9.1
        D:2 |      49 |       3 |   5.8 |      21 |       2 |   8.7
        D:3 |     171 |      36 |  17.4 |      25 |       1 |   3.8
        D:4 |     622 |       6 |   1.0 |      22 |       1 |   4.3
        D:5 |     425 |     925 |  68.5 |      10 |      53 |  84.1
        D:6 |     522 |    1531 |  74.6 |      17 |       7 |  29.2
        D:7 |    1950 |       0 |   0.0 |      30 |       0 |   0.0
        D:8 |    1343 |       6 |   0.4 |      22 |       4 |  15.4
        D:9 |    3889 |     588 |  13.1 |      50 |       5 |   9.1
       D:10 |    2192 |    3181 |  59.2 |      30 |       3 |   9.1
       D:11 |    5442 |    1514 |  21.8 |      44 |      19 |  30.2
       D:12 |    7790 |    6126 |  44.0 |      32 |      22 |  40.7
       D:13 |   13407 |    7916 |  37.1 |      48 |       8 |  14.3
       D:14 |    3699 |    5976 |  61.8 |      16 |      19 |  54.3
       D:15 |    2725 |    1899 |  41.1 |      13 |       1 |   7.1
     Lair:1 |    2050 |     550 |  21.2 |       7 |       3 |  30.0
     Lair:2 |    4436 |     673 |  13.2 |      23 |       5 |  17.9
     Lair:3 |    2140 |    1152 |  35.0 |      10 |       4 |  28.6
     Lair:4 |   10192 |    2180 |  17.6 |      29 |       1 |   3.3
     Lair:5 |    2732 |    1348 |  33.0 |       8 |       7 |  46.7
     Lair:6 |   16512 |   11243 |  40.5 |      44 |      26 |  37.1
   Shoals:1 |   14942 |    1938 |  11.5 |      30 |       5 |  14.3
   Shoals:2 |   13871 |    6240 |  31.0 |      30 |      11 |  26.8
   Shoals:3 |   15527 |    3551 |  18.6 |      31 |       4 |  11.4
   Shoals:4 |   10027 |   11915 |  54.3 |      21 |      15 |  41.7
    Snake:1 |    9130 |       0 |   0.0 |      23 |       0 |   0.0
    Snake:2 |   11603 |   13199 |  53.2 |      21 |      19 |  47.5
    Snake:3 |   26761 |   11919 |  30.8 |      53 |      18 |  25.4
    Snake:4 |   17344 |   28716 |  62.3 |      32 |      40 |  55.6
      Orc:1 |    3380 |       0 |   0.0 |      36 |       0 |   0.0
      Orc:2 |    2186 |   11353 |  83.9 |      32 |      39 |  54.9
    Ossuary |       0 |     516 | 100.0 |       0 |      16 | 100.0
     Bailey |       0 |     338 | 100.0 |       0 |       6 | 100.0
            +---------+---------+-------+---------+---------+-------
